 Dungeon Crawl Stone Soup version 0.21.1-1-g345015f (webtiles) character file.

251 batai666 the Digger (level 6, 0/32 HPs)
             Began as a Gargoyle Earth Elementalist on Feb 12, 2018.
             Was an Initiate of Vehumet.
             Slain by Duvessa
             ... wielding a +6 short sword of holy wrath
              (2 damage)
             ... on level 4 of the Dungeon.
             The game lasted 00:27:31 (2763 turns).

batai666 the Digger (Gargoyle Earth Elementalist)   Turns: 2763, Time: 00:27:32

Health: 0/32       AC:  8    Str: 11    XL:     6   Next: 13%
Magic:  11/11      EV: 12    Int: 18    God:    Vehumet [......]
Gold:   138        SH:  0    Dex: 10    Spells: 8/12 levels left

rFire    . . .     SeeInvis .   B - +0 morningstar
rCold    . . .     Gourm    .   (no shield)
rNeg     + . .     Faith    .   c - +0 robe
rPois    ∞         Spirit   .   h - +0 helmet
rElec    +         Reflect  .   (no cloak)
rCorr    .         Harm     .   (no gloves)
MR       .....                  k - +0 pair of boots
Stlth    ++........             (no amulet)
HPRegen  0.10/turn              n - ring of flight
MPRegen  0.12/turn              (no ring)

@: flying
A: negative energy resistance 1, electricity resistance, unbreathing,
petrification resistance, rot immunity, AC +4
a: Renounce Religion, Stop Flying


You were on level 4 of the Dungeon.
You worshipped Vehumet.
Vehumet was noncommittal.
You were not hungry.

You visited 2 branches of the dungeon, and saw 5 of its levels.

You collected 138 gold pieces.

Inventory:

Hand Weapons
 l - a +0 spear
 A - a +0 flail
 B - a +0 morningstar (weapon)
Armour
 c - a +0 robe (worn)
 h - a +0 helmet (worn)
 j - a +0 helmet
 k - a +0 pair of boots (worn)
 p - a +0 chain mail
Jewellery
 n - a ring of flight (left hand)
 t - an uncursed amulet of faith
Wands
 q - a wand of acid (10)
Scrolls
 r - 5 scrolls of remove curse
 s - a scroll of identify
 u - a scroll of enchant armour {unknown}
Potions
 a - a potion of curing
 m - a potion of heal wounds
 o - a potion of flight {unknown}
 v - a potion of brilliance {unknown}
 x - a potion of ambrosia {unknown}
Books
 e - a book of Geomancy

   Spells                             Type                      Level
   a - Sandblast                      Earth                        1
   b - Passwall                       Transmutation/Earth          2
   c - Stone Arrow                    Conjuration/Earth            3
   d - Petrify                        Transmutation/Earth          4
   e - Lee's Rapid Deconstruction     Earth                        5
 w - a book of Cantrips

   Spells                             Type                      Level
   a - Confusing Touch                Hexes                        1
   b - Animate Skeleton               Necromancy                   1
   c - Summon Small Mammal            Summoning                    1
   d - Apportation                    Translocation                1
Comestibles
 d - 3 rations


   Skills:
 + Level 1.4 Maces & Flails
 - Level 1.5 Dodging
 - Level 2.1 Stealth
 + Level 3.7 Spellcasting
 + Level 2.7 Conjurations
   Level 0.7 Transmutations
 + Level 5.5 Earth Magic


You had 8 spell levels left.
You knew the following spells:

 Your Spells              Type           Power        Failure   Level  Hunger
a - Sandblast             Erth           ###...       1%          1    None
b - Stone Arrow           Conj/Erth      ###...       9%          3    ###....


Dungeon Overview and Level Annotations

Branches:
Dungeon (4/15)             Temple (1/1) D:4

Altars:
Ashenzari
Cheibriados
Dithmenos
Elyvilon
Fedhas
Gozag
Hepliaklqana
Kikubaaqudgha
Makhleb
Nemelex Xobeh
Okawaru
Qazlal
Ru
Sif Muna
Trog
Uskayaw
Vehumet
Wu Jian
Xom
Zin
The Shining One

Annotations:
D:4 Dowan, Duvessa


Innate Abilities, Weirdness & Mutations

You are resistant to torment.
Your stone body is resilient. (AC +4)
You are immune to poison.
You resist negative energy. (rN+)
You are resistant to electric shocks. (rElec)
You can survive without breathing.
You are immune to petrification.
You are immune to rotting.


Message History

Casting: Stone Arrow
Confirm with . or Enter, or press ? or * to list all spells.
Okay, then.
Unknown command.
Press: ? - help, v - describe, . - travel
Here: a phantom (moderately damaged)
The floor.
The gnoll hits you but does no damage. The phantom misses you.
A leopard gecko and a giant cockroach come into view.
The leopard gecko barely misses you. The leopard gecko closely misses you.
The leopard gecko closely misses you. The phantom barely misses you.
The giant cockroach barely misses you. Duvessa completely misses you.
The giant cockroach misses you.
Duvessa hits you with a short sword of holy wrath.
* * * LOW HITPOINT WARNING * * *
The gnoll misses you. The leopard gecko closely misses you.
Duvessa hits you with a short sword of holy wrath.
You die...

#..........### .#
#...........######.#
#...............!..#
#..................#
#......J..w........###
###J#####?....≈≈§.....
###g## ####.≈≈§≈e.###
#..We####...≈≈≈≈≈≈§###
#..sl@......≈§≈>≈§≈...
#....#......≈≈§≈≈§≈###
#....#.......≈≈§§≈.#
#....#........§≈≈.....
#....#.......##....###
######.......##.)..#
#.......#####.#
#.......# .# g.......#
.#


You could see a phantom, Duvessa, a gnoll, an ooze, a leopard gecko and a giant
cockroach.

Vanquished Creatures
  An ogre (D:4)
  A scorpion (D:4)
  Robin (D:3)
  3 adders
  A worm (D:2)
  4 leopard geckos
  6 orcs (D:3)
  8 bats
  5 giant cockroaches
  17 goblins
  2 hobgoblins (D:3)
  2 jackals (D:1)
  A quokka (D:2)
  5 frilled lizards
  6 kobolds
  4 rats
67 creatures vanquished.

Notes
Turn   | Place    | Note
-------+----------+-------------------------------------------
     0 | D:1      | batai666 the Gargoyle Earth Elementalist began the quest for the Orb.
     0 | D:1      | Reached XP level 1. HP: 10/10 MP: 3/3
   191 | D:1      | Reached skill level 4 in Earth Magic
   191 | D:1      | Reached XP level 2. HP: 15/15 MP: 1/5
   728 | D:2      | Reached XP level 3. HP: 19/19 MP: 4/6
   733 | D:2      | Learned a level 3 spell: Stone Arrow
  1375 | D:2      | Reached skill level 1 in Conjurations
  1914 | D:3      | Reached XP level 4. HP: 24/24 MP: 6/8
  2043 | D:3      | Noticed Robin
  2150 | D:3      | Killed Robin
  2296 | D:3      | Reached skill level 5 in Earth Magic
  2319 | D:3      | Reached XP level 5. HP: 22/28 MP: 1/9
  2543 | D:4      | Noticed an ogre
  2547 | D:4      | Killed an ogre
  2547 | D:4      | Reached skill level 1 in Maces & Flails
  2551 | D:4      | Noticed Dowan
  2587 | D:4      | Noticed Duvessa
  2591 | D:4      | Reached XP level 6. HP: 18/32 MP: 6/11
  2591 | D:4      | Found a staircase to the Ecumenical Temple.
  2592 | D:4      | Noticed a phantom
  2597 | Temple   | Entered the Ecumenical Temple
  2671 | Temple   | Became a worshipper of Vehumet
  2763 | D:4      | Slain by Duvessa

Skill      XL: |  1  2  3  4  5 |
---------------+----------------+-----
Earth Magic    | 4 5 |  5.5
Conjurations   | 1 2 |  2.7
Spellcasting   | 3 |  3.7
Maces & Flails | 1 |  1.4
Dodging        | |  1.5
Stealth        | |  2.1
Transmutations | |  0.7

Action                   |  1- 3 |  4- 6 || total
-------------------------+-------+-------++-------
Melee: Short sword       |     7 |       ||     7
       Dagger            |     1 |       ||     1
       Spear             |     8 |    23 ||    31
       Morningstar       |       |    15 ||    15
 Cast: Sandblast         |    44 |    46 ||    90
 Abil: Evoke Flight      |       |     1 ||     1
  Use: Scroll            |     5 |     3 ||     8
       Potion            |       |     1 ||     1
 Stab: Sleeping          |     1 |     1 ||     2
  Eat: Chunk             |     1 |     1 ||     2
       Ration            |     1 |     1 ||     2
Armor: Robe              |    12 |    25 ||    37
Dodge: Dodged            |    23 |    65 ||    88
